A- SE
CHARLOTTE STONE CRABS @ JUPITER HAMMERHEADS
04/25/2042
 
TOP OF THE 1ST
Charlotte Stone Crabs batting - Pitching for Jupiter Hammerheads : LHP Mallon O'Shevlin
Pitching: LHP Mallon O'Shevlin
Batting: RHB Juan Rodríguez 0-0: Ball
1-0: Ball
2-0: Ball
3-0: Called Strike
3-1: Base on Balls
Batting: RHB Nunno Gerardo 0-0: Ball
1-0: Ball
2-0: Ball
3-0: Called Strike
3-1: Foul Ball, location: 9LDF
3-2: Strikes out swinging
Batting: RHB Luis Sánchez 0-0: Ball
1-0: Ball
2-0: Fly out, F8 (Flyball, 8LXD, EV 104.4 MPH)
Batting: LHB Jonathan Owens 0-0: Called Strike
0-1: Called Strike
0-2: SINGLE (Line Drive, 6MD, EV 104.4 MPH)
Juan Rodríguez to second
Runner from 2nd tries for 3rd, SAFE, no throw by CF
Batting: RHB Cristián Hurtado 0-0: Foul Ball, location: 2F
0-1: Called Strike
0-2: Ball
1-2: Strikes out swinging
Top of the 1st over - 0 runs, 1 hit, 0 errors, 2 left on base; Charlotte 0 - Jupiter 0
BOTTOM OF THE 1ST
Jupiter Hammerheads batting - Pitching for Charlotte Stone Crabs : RHP Tim Jones
Pitching: RHP Tim Jones
Batting: RHB Shaun Davis 0-0: SINGLE (Line Drive, 9LS, EV 86.9 MPH)
Batting: SHB Joam Puglieiro 0-0: Sac Bunt to 13 - play at first, batter OUT! 1-3
Shaun Davis to second
Batting: LHB Brad Hall 0-0: Ball
1-0: Ground out 1-3 (Groundball, 15, EV 68.8 MPH)
Batting: RHB Tomás Serrano 0-0: Called Strike
0-1: Ball
1-1: Swinging Strike
1-2: Fly out, F7 (Flyball, 7D, EV 85.6 MPH)
Bottom of the 1st over - 0 runs, 1 hit, 0 errors, 1 left on base; Charlotte 0 - Jupiter 0
TOP OF THE 2ND
Charlotte Stone Crabs batting - Pitching for Jupiter Hammerheads : LHP Mallon O'Shevlin
Pitching: RHP Juan Martínez
Batting: RHB José Fernández 0-0: Foul Ball, location: 2F
0-1: Ball
1-1: Swinging Strike
1-2: Ball
2-2: Strikes out swinging
Batting: LHB Andy Turner 0-0: Swinging Strike
0-1: Called Strike
0-2: Ball
1-2: Strikes out swinging
Batting: RHB António Mojica 0-0: Called Strike
0-1: Foul Ball, location: 2F
0-2: Foul Ball, location: 2F
0-2: Fly out, F7 (Line Drive, 7S, EV 97.5 MPH)
Top of the 2nd over - 0 runs, 0 hits, 0 errors, 0 left on base; Charlotte 0 - Jupiter 0
BOTTOM OF THE 2ND
Jupiter Hammerheads batting - Pitching for Charlotte Stone Crabs : RHP Tim Jones
Batting: RHB Freddy Murphy 0-0: Ball
1-0: Called Strike
1-1: Swinging Strike
1-2: Foul Ball, location: 2RF
1-2: Ball
2-2: Ball
3-2: Fly out, F9 (Line Drive, 89M, EV 92.5 MPH)
Batting: RHB Tony Evans 0-0: SINGLE (Line Drive, 34D, EV 105.6 MPH)
Batting: LHB Joe Badger 0-0: Ball
1-0: Foul Ball, location: 2F
1-1: Foul Ball, location: 3F
1-2: Fly out, F7 (Line Drive, 7S, EV 94.4 MPH)
Batting: RHB Tetsuhiko Okubo 0-0: Called Strike
0-1: Foul Ball, location: 2F
0-2: Strikes out swinging
Bottom of the 2nd over - 0 runs, 1 hit, 0 errors, 1 left on base; Charlotte 0 - Jupiter 0
TOP OF THE 3RD
Charlotte Stone Crabs batting - Pitching for Jupiter Hammerheads : RHP Juan Martínez
Batting: RHB Juan Sánchez 0-0: Fly out, F4 (Popup, 4, EV 67.5 MPH)
Batting: RHB Juan Rodríguez 0-0: SINGLE (Groundball, 6M, EV 110.0 MPH) (infield hit)
Batting: RHB Nunno Gerardo 0-0: Foul Ball, location: 2F
0-1: Ball
1-1: Fly out, F8 (Flyball, 78M, EV 94.4 MPH)
Batting: RHB Luis Sánchez 0-0: Called Strike
0-1: Hit by Pitch
Juan Rodríguez to second
Batting: LHB Jonathan Owens 0-0: Ball
1-0: Called Strike
1-1: Ball
2-1: Called Strike
2-2: Ball
3-2: Strikes out swinging
Top of the 3rd over - 0 runs, 1 hit, 0 errors, 2 left on base; Charlotte 0 - Jupiter 0
BOTTOM OF THE 3RD
Jupiter Hammerheads batting - Pitching for Charlotte Stone Crabs : RHP Tim Jones
Batting: SHB Artie Wagner 0-0: Ball
1-0: Called Strike
1-1: Called Strike
1-2: Strikes out looking
Batting: RHB Shaun Davis 0-0: Called Strike
0-1: Ball
1-1: Ball
2-1: SOLO HOME RUN (Flyball, 9LD, EV 92.5 MPH), Distance : 337 ft
Batting: SHB Joam Puglieiro 0-0: Called Strike
0-1: Ball
1-1: Foul Ball, location: 3FF
1-2: Hit by Pitch, AND HE CHARGES THE MOUND! The benches clear!
Pitching: RHP Ismael Díaz
Pinch Runner at 1st Norberto Costello:
Batting: LHB Brad Hall 0-0: Called Strike
0-1: Ball
1-1: Fly out, F7 (Flyball, 78M, EV 93.8 MPH)
Batting: RHB Tomás Serrano 0-0: Ball
1-0: Fly out, F7 (Flyball, 7S, EV 82.5 MPH)
Bottom of the 3rd over - 1 run, 1 hit, 0 errors, 1 left on base; Charlotte 0 - Jupiter 1
TOP OF THE 4TH
Charlotte Stone Crabs batting - Pitching for Jupiter Hammerheads : RHP Juan Martínez
Now at 2B: Norberto Costello
Batting: RHB Cristián Hurtado 0-0: Ball
1-0: Ball
2-0: Ball
3-0: Base on Balls
Batting: RHB José Fernández 0-0: Ball
1-0: Ball
2-0: 2-RUN HOME RUN (Flyball, 9D, EV 95.0 MPH), Distance : 357 ft
Batting: LHB Andy Turner 0-0: Fly out, F1 (Popup, 15, EV 83.8 MPH)
Batting: RHB António Mojica 0-0: Ball
1-0: Ball
2-0: Ball
3-0: Base on Balls
Batting: RHB Juan Sánchez 0-0: Ball
1-0: Called Strike
1-1: Called Strike
1-2: Foul Ball, location: 9LSF
1-2: Strikes out looking
Batting: RHB Juan Rodríguez 0-0: Fly out, F8 (Flyball, 89M, EV 89.4 MPH)
Top of the 4th over - 2 runs, 1 hit, 0 errors, 1 left on base; Charlotte 2 - Jupiter 1
BOTTOM OF THE 4TH
Jupiter Hammerheads batting - Pitching for Charlotte Stone Crabs : RHP Ismael Díaz
Batting: RHB Freddy Murphy 0-0: SOLO HOME RUN (Flyball, 7D, EV 99.4 MPH), Distance : 402 ft
Batting: RHB Tony Evans 0-0: Called Strike
0-1: Ball
1-1: Foul Ball, location: 2F
1-2: Strikes out swinging
Batting: LHB Joe Badger 0-0: Called Strike
0-1: Ball
1-1: Foul Ball, location: 2F
1-2: Ball
2-2: Strikes out swinging
Batting: RHB Tetsuhiko Okubo 0-0: Ball
1-0: Ball
2-0: Called Strike
2-1: Ball
3-1: Foul Ball, location: 2F
3-2: SINGLE (Flyball, 8LS, EV 98.1 MPH)
Batting: SHB Artie Wagner 0-0: Foul Ball, location: 7LMF
0-1: Ball
1-1: Foul Ball, location: 25F
1-2: Fly out, F9 (Flyball, 9LS, EV 76.3 MPH)
Bottom of the 4th over - 1 run, 2 hits, 0 errors, 1 left on base; Charlotte 2 - Jupiter 2
TOP OF THE 5TH
Charlotte Stone Crabs batting - Pitching for Jupiter Hammerheads : RHP Juan Martínez
Batting: RHB Nunno Gerardo 0-0: Ball
1-0: Called Strike
1-1: Ball
2-1: Ball
3-1: Base on Balls
Batting: RHB Luis Sánchez 0-0: Swinging Strike
0-1: Ball
1-1: Called Strike
1-2: Strikes out swinging
Batting: LHB Jonathan Owens 0-0: Called Strike
0-1: Ball
Nunno Gerardo steals 2nd base
1-1: Ball
2-1: Ball
3-1: Base on Balls
Batting: RHB Cristián Hurtado 0-0: Fly out, F9 (Flyball, 9, EV 86.9 MPH)
Batting: RHB José Fernández 0-0: Ball
1-0: Called Strike
1-1: Fielders Choice at 2nd, 6-4 (Groundball, 6, EV 81.3 MPH)
Top of the 5th over - 0 runs, 0 hits, 0 errors, 2 left on base; Charlotte 2 - Jupiter 2
BOTTOM OF THE 5TH
Jupiter Hammerheads batting - Pitching for Charlotte Stone Crabs : RHP Ismael Díaz
Batting: RHB Shaun Davis 0-0: Swinging Strike
0-1: Ball
1-1: Fly out, F9 (Line Drive, 9, EV 108.1 MPH)
Batting: RHB Norberto Costello 0-0: Ball
1-0: Ground out 6-3 (Groundball, 6, EV 93.1 MPH)
Batting: LHB Brad Hall 0-0: Called Strike
0-1: Ball
1-1: Foul Ball, location: 7LMF
1-2: Foul Ball, location: 3F
1-2: Fly out, F5 (Popup, 6S, EV 71.3 MPH)
Bottom of the 5th over - 0 runs, 0 hits, 0 errors, 0 left on base; Charlotte 2 - Jupiter 2
TOP OF THE 6TH
Charlotte Stone Crabs batting - Pitching for Jupiter Hammerheads : RHP Juan Martínez
Batting: LHB Andy Turner 0-0: Ball
1-0: Ball
2-0: Ball
3-0: Base on Balls
Batting: RHB António Mojica 0-0: Grounds into double play, 6-4-3 (Groundball, 6, EV 108.1 MPH)
Batting: RHB Mike Lee 0-0: Ball
1-0: Called Strike
1-1: DOUBLE (Line Drive, 78M, EV 83.1 MPH)
Batting: RHB Juan Rodríguez 0-0: Ball
1-0: Ball
2-0: Ball
3-0: Called Strike
3-1: Called Strike
3-2: SINGLE (Line Drive, 3D, EV 97.5 MPH)
Mike Lee to third
Runner from 3rd tries for Home, SAFE, throw by RF to home
Juan Rodríguez to second
Batting: RHB Nunno Gerardo 0-0: 2-RUN HOME RUN (Flyball, 8LXD, EV 103.8 MPH), Distance : 409 ft
Pitching: RHP Jim Robinson
Batting: RHB Luis Sánchez 0-0: Called Strike
0-1: Ball
1-1: Foul Ball, location: 2F
1-2: Foul Ball, location: 23F
1-2: Ball
2-2: Foul Ball, location: 2F
2-2: Ball
3-2: Foul Ball, location: 25FF
3-2: SOLO HOME RUN (Flyball, 7LD, EV 95.6 MPH), Distance : 362 ft
Batting: LHB Jonathan Owens 0-0: Ball
1-0: Called Strike
1-1: Swinging Strike
1-2: SINGLE (Line Drive, 3D, EV 96.9 MPH)
Batting: RHB Cristián Hurtado 0-0: Called Strike
0-1: Ball
1-1: Called Strike
Jonathan Owens steals 2nd base
1-2: Ball
2-2: Foul Ball, location: 2F
2-2: Ball
3-2: Base on Balls
Batting: RHB José Fernández 0-0: Ball
1-0: Ball
2-0: Ball
3-0: Base on Balls
Jonathan Owens to third
Cristián Hurtado to second
Batting: LHB Andy Turner 0-0: Called Strike
0-1: Ball
1-1: Ball
2-1: Foul Ball, location: 7LMF
2-2: Strikes out swinging
Top of the 6th over - 4 runs, 5 hits, 0 errors, 3 left on base; Charlotte 6 - Jupiter 2
BOTTOM OF THE 6TH
Jupiter Hammerheads batting - Pitching for Charlotte Stone Crabs : RHP Ismael Díaz
Batting: RHB Tomás Serrano 0-0: SINGLE (Line Drive, 56D, EV 107.5 MPH)
Batting: RHB Freddy Murphy 0-0: Called Strike
Tomás Serrano is caught stealing 2nd base 2-4
0-1: SINGLE (Groundball, 3D, EV 110.0 MPH)
Batting: RHB Tony Evans 0-0: Called Strike
0-1: Ball
1-1: Ball
2-1: Ball
3-1: Grounds into double play, 6-4-3 (Groundball, 56, EV 96.3 MPH)
Bottom of the 6th over - 0 runs, 2 hits, 0 errors, 0 left on base; Charlotte 6 - Jupiter 2
TOP OF THE 7TH
Charlotte Stone Crabs batting - Pitching for Jupiter Hammerheads : RHP Jim Robinson
Batting: RHB António Mojica 0-0: Ball
1-0: Ball
2-0: Called Strike
2-1: Ball
3-1: Foul Ball, location: 25F
3-2: Base on Balls
Batting: RHB Danny Clemente 0-0: Called Strike
0-1: Foul Ball, location: 23F
0-2: Ball
1-2: Foul Ball, location: 3DF
1-2: Strikes out swinging
Batting: RHB Juan Rodríguez 0-0: Ball
1-0: Swinging Strike
1-1: Called Strike
1-2: Strikes out swinging
Batting: RHB Nunno Gerardo 0-0: Ball
1-0: Ball
2-0: Called Strike
2-1: Called Strike
António Mojica steals 2nd base
2-2: Foul Ball, location: 2F
2-2: Strikes out swinging
Top of the 7th over - 0 runs, 0 hits, 0 errors, 1 left on base; Charlotte 6 - Jupiter 2
BOTTOM OF THE 7TH
Jupiter Hammerheads batting - Pitching for Charlotte Stone Crabs : RHP Ismael Díaz
Batting: LHB Joe Badger 0-0: Called Strike
0-1: Ball
1-1: Called Strike
1-2: Ball
2-2: DOUBLE (Line Drive, 78XD, EV 103.1 MPH)
Pinch Hitting: RHB Billy Mitchell 0-0: Ball
1-0: DOUBLE (Line Drive, 3D, EV 94.4 MPH)
Joe Badger scores
Pitching: RHP Juan Rojas
Batting: SHB Artie Wagner 0-0: Ball
1-0: Called Strike
1-1: Fly out, F6 (Popup, 6D, EV 61.3 MPH)
Batting: RHB Shaun Davis 0-0: Ground out 3-1 (Groundball, 34, EV 103.1 MPH)
Billy Mitchell to third
Batting: RHB Norberto Costello 0-0: Foul Ball, location: 25FF
0-1: DOUBLE (Line Drive, 89XD, EV 98.8 MPH)
Billy Mitchell scores
Batting: LHB Brad Hall 0-0: Foul Ball, location: 7LSF
0-1: Swinging Strike
0-2: Strikes out swinging
Bottom of the 7th over - 2 runs, 3 hits, 0 errors, 1 left on base; Charlotte 6 - Jupiter 4
TOP OF THE 8TH
Charlotte Stone Crabs batting - Pitching for Jupiter Hammerheads : RHP Jim Robinson
Now at 3B: Billy Mitchell
Batting: RHB Luis Sánchez 0-0: Fly out, F9 (Flyball, 9D, EV 93.1 MPH)
Batting: LHB Jonathan Owens 0-0: Fly out, F9 (Flyball, 9, EV 93.1 MPH)
Batting: RHB Cristián Hurtado 0-0: Foul Ball, location: 2F
0-1: Ball
1-1: Called Strike
1-2: Ball
2-2: Ball
3-2: SINGLE (Groundball, 34D, EV 97.5 MPH)
Pitching: RHP Ken Craig
Batting: RHB José Fernández 0-0: Ball
1-0: Foul Ball, location: 7LSF
1-1: Swinging Strike
1-2: Foul Ball, location: 9LMF
1-2: SINGLE (Line Drive, 89S, EV 87.5 MPH)
Cristián Hurtado to second
Runner from 2nd tries for 3rd, SAFE, no throw by CF
Batting: LHB Andy Turner 0-0: Swinging Strike
0-1: Swinging Strike
0-2: Ball
1-2: Ball
2-2: Strikes out swinging
Top of the 8th over - 0 runs, 2 hits, 0 errors, 2 left on base; Charlotte 6 - Jupiter 4
BOTTOM OF THE 8TH
Jupiter Hammerheads batting - Pitching for Charlotte Stone Crabs : RHP Juan Rojas
Pinch Hitting: LHB David Vargas 0-0: Ball
1-0: DOUBLE (Flyball, 78XD, EV 101.3 MPH)
Batting: RHB Freddy Murphy 0-0: Foul Ball, location: 5FF
0-1: Ball
1-1: Called Strike
1-2: Strikes out swinging
Pinch Hitting: LHB Eric Bowman 0-0: Called Strike
0-1: Swinging Strike
0-2: Ball
1-2: Strikes out looking
Batting: LHB Joe Badger 0-0: Fly out, F7 (Line Drive, 7S, EV 84.4 MPH)
Bottom of the 8th over - 0 runs, 1 hit, 0 errors, 1 left on base; Charlotte 6 - Jupiter 4
TOP OF THE 9TH
Charlotte Stone Crabs batting - Pitching for Jupiter Hammerheads : RHP Ken Craig
Now at 1B: Eric Bowman
Now in CF: David Vargas
Batting: RHB António Mojica 0-0: Called Strike
0-1: Swinging Strike
0-2: SINGLE (Line Drive, 9S, EV 92.5 MPH)
Batting: RHB Danny Clemente 0-0: Ball
1-0: Called Strike
1-1: Swinging Strike
1-2: Ball
António Mojica steals 2nd base
2-2: Foul Ball, location: 2F
2-2: Ball
3-2: Intentional Walk
Batting: RHB Juan Rodríguez 0-0: Bunted foul
0-1: Sac Bunt to 15S - play at first, batter safe!
António Mojica to third
Danny Clemente to second
Batting: RHB Nunno Gerardo 0-0: Ball
1-0: Foul Ball, location: 2F
1-1: Ball
2-1: SINGLE (Groundball, 4D, EV 110.6 MPH)
António Mojica scores
Danny Clemente to third
Juan Rodríguez to second
Batting: RHB Luis Sánchez 0-0: Ball
1-0: Called Strike
1-1: Fly out, F9 (Flyball, 9, EV 90.6 MPH)
Batting: LHB Jonathan Owens 0-0: Grounds into fielders choice 4-2 (Groundball, 4, EV 90.0 MPH)
Juan Rodríguez to third
Nunno Gerardo to second
Batting: RHB Cristián Hurtado 0-0: Called Strike
0-1: Called Strike
0-2: Ball
1-2: SINGLE (Line Drive, 56D, EV 105.0 MPH)
Juan Rodríguez scores
Nunno Gerardo to third
Jonathan Owens to second
Runner from 3rd tries for Home, SAFE, throw by LF to home
Pitching: LHP Dani García
Batting: RHB José Fernández 0-0: Ball
1-0: Ball
2-0: Ball
3-0: Called Strike
3-1: Fly out, F8 (Flyball, 8LD, EV 101.3 MPH)
Top of the 9th over - 3 runs, 4 hits, 0 errors, 2 left on base; Charlotte 9 - Jupiter 4
BOTTOM OF THE 9TH
Jupiter Hammerheads batting - Pitching for Charlotte Stone Crabs : RHP Juan Rojas
Batting: RHB Billy Mitchell 0-0: Called Strike
0-1: Ball
1-1: Ball
2-1: Swinging Strike
2-2: Ball
3-2: Fly out, F8 (Flyball, 8RD, EV 103.1 MPH)
Pinch Hitting: RHB Jorge Gómez 0-0: Called Strike
0-1: Ball
1-1: Fly out, F6 (Popup, 6M, EV 49.4 MPH)
Batting: RHB Shaun Davis 0-0: Ball
1-0: SINGLE (Groundball, 34D, EV 104.4 MPH)
Batting: RHB Norberto Costello 0-0: Ball
1-0: Called Strike
1-1: Ball
2-1: Fielders Choice at 2nd, 5-4 (Groundball, 5L, EV 84.4 MPH)
Bottom of the 9th over - 0 runs, 1 hit, 0 errors, 1 left on base; Charlotte 9 - Jupiter 4
Friday, May 3rd , 2024 - OOTP Baseball 24.10 Build 82